 Dungeon Crawl Stone Soup version 0.31-a0-214-gb37851dbb3 (webtiles) character file.

Game seed: 12502850231762780350

900 qw the Skirmisher (level 8, -1/48 HPs)
             Began as a Gargoyle Hexslinger on July 1, 2023.
             Slain by an orc warrior
             ... wielding a +0 mace
              (6 damage)
             ... on level 5 of the Dungeon.
             The game lasted 00:01:59 (4324 turns).

qw the Skirmisher (Gargoyle Hexslinger)             Turns: 4324, Time: 00:02:00

Health: -1/48      AC:  9    Str: 12    XL:     8   Next: 7%
Magic:  9/9        EV: 10    Int: 14    God:
Gold:   84         SH:  0    Dex: 14    Spells: 8/9 levels left

rFire   . . .        Y - +4 sling
rCold   . . .        (no shield)
rNeg    + . .        d - +0 ring mail
rPois   inf          c - +0 helmet
rElec   +            (no cloak)
rCorr   .            n - +0 pair of gloves
SInv    .            (no boots)
Will    .....        (no amulet) Stlth
                     (no ring)
HPRegen 0.28/turn    (no ring)
MPRegen 0.11/turn

%: no passive effects
@: confused, corroded
A: sickness immunity, AC +5, negative energy resistance 1, electricity
resistance, torment resistance 1, petrification resistance
a: no special abilities


You were on level 5 of the Dungeon.
You visited 1 branch of the dungeon, and saw 5 of its levels.

You collected 209 gold pieces.
You spent 125 gold pieces at shops.


Innate Abilities, Weirdness & Mutations

You are immune to sickness and miasma.
Your stone body is resilient. (AC +5)
You are immune to poison.
You resist negative energy. (rN+)
You are resistant to electric shocks. (rElec)
You are resistant to unholy torment.
You are immune to petrification.


   Skills:
 + Level 4.0 Fighting
 - Level 8.0 Ranged Weapons
 - Level 2.0 Armour
 - Level 1.5 Dodging
 - Level 1.0 Spellcasting
 - Level 2.6 Hexes


You had 8 spell levels left.
You knew the following spells:

 Your Spells              Type           Power      Damage    Failure   Level
a - Slow                  Hex            32%        N/A       19%         1

Your spell library contained the following spells:

 Spells                   Type           Power      Damage    Failure   Level
 Inner Flame              Hex/Fire       4%         N/A       69%         3
 Portal Projectile        Hex/Tloc       8%         N/A       69%         3
 Cause Fear               Hex            4%         N/A       88%         4

Inventory:

Hand Weapons
 Y - a +4 sling (weapon)
Armour
 c - a +0 helmet (worn)
 d - a +0 ring mail (worn)
 n - a +0 pair of gloves (worn)
Potions
 a - 2 potions of lignification {unknown}
 g - a potion of invisibility {unknown}
 h - a potion of attraction {unknown}
 j - a potion of might {unknown}
 l - a potion of berserk rage {unknown}
 m - a potion of haste {unknown}

Dungeon Overview and Level Annotations

Branches:
Dungeon (5/15)
 Temple: D:4-7

Altars:
Xom
Zin

Shops:
D:1 [(   D:2 *   D:3 [

Annotations:
D:3 1 runed translucent door, qw's ghost, amateur MiHs
D:4 3 runed translucent doors, qw's ghost, amateur DEHu


Message History

The sling bullet closely misses the orc warrior.
The sling bullet barely misses the orc wizard.
The jelly hits you but does no damage.
The orc warrior hits you but does no damage.
You shoot a sling bullet. The sling bullet hits the orc warrior.
The orc warrior is moderately wounded.
The jelly hits you but does no damage.
You shoot a sling bullet.
The sling bullet hits the orc warrior but does no damage.
The orc warrior is moderately wounded.
The jelly closely misses you. The orc warrior completely misses you.
You shoot a sling bullet.
The sling bullet closely misses the orc warrior.
The jelly barely misses you.
The orc warrior hits you but does no damage.
You shoot a sling bullet.
The sling bullet hits the orc warrior but does no damage.
The orc warrior is moderately wounded.
The jelly jiggles.
The jelly hits you. The acid corrodes you!
You are splashed with acid!
The orc wizard casts a spell at you.
You are confused.
The orc warrior hits you with a +0 mace.
The jelly hits you but does no damage.
The orc wizard hits you but does no damage.
The orc warrior barely misses you. The jelly hits you but does no damage.
The orc wizard gestures wildly while chanting.
The orc wizard flickers and vanishes!
Deactivating autopickup; reactivate with Ctrl-A.
The orc warrior hits you but does no damage.
The jelly hits you but does no damage. Something hits you but does no damage.
The orc warrior hits you with a +0 mace.
The jelly hits you but does no damage.
You hear some strange, mumbled words.
Something tries to affect you, but you resist.
The orc warrior hits you with a +0 mace.
The jelly hits you but does no damage. Something hits you.
The orc warrior hits you with a +0 mace.
You die...

.......# ##.
#.##..##########
#.#.....w....... #...#
#)....... ##..# ##.......
##...# #.>..... # #....##
#....... ......#.#o##..##
#....... ......#o{@###..#
#....... .....(..J##
##.####....... ........#
#.........### ........
#######..##### .......###
##......%......
o........###........######
........%##..........#
......##.............#
..... ####.....)....##


You could see an orc warrior, a jelly and an orc.

Vanquished Creatures
  A black bear (D:5)
  An ogre (D:5)
  2 jellies (D:4)
  2 howler monkeys
  2 orc priests
  A hound (D:5)
  Jessica (D:2)
  5 iguanas
  3 orc wizards
  6 gnolls
  7 adders
  3 worms
  4 dart slugs
  12 orcs
  5 ball pythons
  5 bats
  3 endoplasms
  5 giant cockroaches
  5 hobgoblins
  3 jackals (D:3)
  6 kobolds
  6 quokkas
  2 frilled lizards (D:1)
  4 rats
94 creatures vanquished.

Notes
Turn   | Place    | Note
-------+----------+-------------------------------------------
     0 | D:1      | qw the Gargoyle Hexslinger began the quest for the Orb.
     0 | D:1      | Reached XP level 1. HP: 12/12 MP: 2/2
     0 | D:1      | 0 ||| qw: Version: 0.3-a-32-g5962c71
     0 | D:1      | 0 ||| qw: Game counter: 7581
     0 | D:1      | 0 ||| qw: Melee chars always use a shield: true
     0 | D:1      | 0 ||| qw: God list: Okawaru
     0 | D:1      | 0 ||| qw: Allow faded altars: false
     0 | D:1      | 0 ||| qw: Do Orc after clearing Dungeon:15 true
     0 | D:1      | 0 ||| qw: Do second Lair branch before Depths: true
     0 | D:1      | 0 ||| qw: Lair rune preference: random
     0 | D:1      | 0 ||| qw: Goals: Normal
     0 | D:1      | 0 ||| PLANNING D:1-11
    57 | D:1      | Found Qaciucad's Weapon Shoppe.
    98 | D:1      | Reached XP level 2. HP: 16/16 MP: 3/3
   184 | D:1      | Reached skill level 3 in Ranged Weapons
   614 | D:1      | Found Ogaseax's Armour Boutique.
   622 | D:1      | 622 ||| BUYING +0 pair of gloves (49 gold).
   622 | D:1      | Bought a +0 pair of gloves for 49 gold pieces
   622 | D:1      | 622 ||| SHOPLISTING +1 helmet of see invisible (181 gold,
                  | have 19).
   839 | D:1      | 839 ||| UPGRADING to +0 ring mail.
   849 | D:1      | 849 ||| DROPPING +0 robe.
   850 | D:1      | 850 ||| UPGRADING to +0 pair of gloves.
   855 | D:1      | 855 ||| READING scroll labelled DIGOXO CIGYRODO.
   856 | D:1      | 856 ||| READING scroll labelled KAENUSEUFY.
   857 | D:1      | 857 ||| READING 2 scrolls labelled KEZAAR IMNEE.
   858 | D:1      | 858 ||| READING scroll of enchant weapon.
   858 | D:1      | 858 ||| ENCHANTING +2 sling.
   859 | D:1      | 859 ||| DRINKING 2 green potions.
   860 | D:1      | 860 ||| DROPPING scroll of poison.
   954 | D:2      | Found Macitzue's General Store.
   961 | D:2      | 961 ||| SHOPLISTING scroll of identify (20 gold, have 19).
   991 | D:2      | Reached XP level 3. HP: 21/21 MP: 4/4
  1036 | D:2      | Found a faded altar of an unknown god.
  1066 | D:2      | Reached skill level 1 in Armour
  1300 | D:2      | Noticed Jessica
  1305 | D:2      | Killed Jessica
  1306 | D:2      | Reached XP level 4. HP: 26/26 MP: 5/5
  1705 | D:2      | Reached skill level 4 in Ranged Weapons
  1834 | D:3      | Reached XP level 5. HP: 23/30 MP: 6/6
  1834 | D:3      | 1834 ||| FLEEEEING.
  1835 | D:3      | 1835 ||| FLEEEEING.
  1836 | D:3      | 1836 ||| FLEEEEING.
  1837 | D:3      | 1837 ||| FLEEEEING.
  1838 | D:3      | 1838 ||| FLEEEEING.
  1839 | D:3      | 1839 ||| FLEEEEING.
  1840 | D:3      | 1840 ||| FLEEEEING.
  1844 | D:3      | 1844 ||| FLEEEEING.
  1845 | D:3      | 1845 ||| FLEEEEING.
  1846 | D:3      | 1846 ||| FLEEEEING.
  1850 | D:3      | 1850 ||| FLEEEEING.
  1853 | D:3      | 1853 ||| STAIRDANCE
  1862 | D:2      | 1862 ||| READING scroll labelled YGEATUZOIL.
  1881 | D:3      | 1881 ||| STAIRDANCE
  2003 | D:3      | Reached skill level 5 in Ranged Weapons
  2046 | D:3      | Found a runed translucent door.
  2046 | D:3      | Noticed qw's ghost (amateur MiHs)
  2248 | D:3      | Reached XP level 6. HP: 36/36 MP: 7/7
  2272 | D:3      | Reached skill level 3 in Fighting
  2632 | D:3      | Found Fewed's Antique Armour Boutique.
  2642 | D:3      | 2642 ||| BUYING helmet (76 gold).
  2642 | D:3      | Bought a helmet for 76 gold pieces
  2714 | D:3      | 2714 ||| UPGRADING to +0 helmet.
  2735 | D:4      | Found a runed translucent gate.
  2737 | D:4      | Found a runed translucent gate.
  2738 | D:4      | Found a runed translucent gate.
  2738 | D:4      | Identified the +7 plate armour of Crawling {rElec MP+9}
  2738 | D:4      | Noticed an orc warrior
  2738 | D:4      | Noticed qw's ghost (amateur DEHu)
  2739 | D:4      | Identified the +3 hand axe "Giant's Nightmare" {venom,
                  | *Rage +Blink rElec rPois Int-2}
  2739 | D:4      | Identified the +8 ring mail of Bettekae {Int+4}
  2768 | D:4      | HP: 3/37 [acid (7)]
  2769 | D:4      | 2769 ||| DRINKING 2 potions of heal wounds.
  2773 | D:4      | HP: 6/37 [acid (9)]
  2774 | D:4      | 2774 ||| DRINKING potion of heal wounds.
  2782 | D:4      | 2782 ||| READING scroll of teleportation.
  2783 | D:4      | HP: 4/37 [something/magic dart (7)]
  3041 | D:4      | 3041 ||| FLEEEEING.
  3042 | D:4      | 3042 ||| FLEEEEING.
  3059 | D:4      | Reached skill level 6 in Ranged Weapons
  3193 | D:4      | Found a shimmering altar of Xom.
  3270 | D:4      | Reached XP level 7. HP: 32/43 MP: 8/8
  3775 | D:4      | 3775 ||| READING scroll labelled UFREAMM XORA.
  3776 | D:4      | 3776 ||| READING 3 scrolls labelled ZAUCSEA TELLIO.
  3777 | D:4      | 3777 ||| DROPPING 2 scrolls of fog.
  3792 | D:5      | Entered Level 5 of the Dungeon
  3821 | D:5      | Reached skill level 7 in Ranged Weapons
  3829 | D:5      | 3829 ||| FLEEEEING.
  3830 | D:5      | 3830 ||| FLEEEEING.
  3832 | D:5      | 3832 ||| STAIRDANCE
  3955 | D:5      | Found a glowing silver altar of Zin.
  4026 | D:5      | 4026 ||| READING scroll of enchant weapon.
  4026 | D:5      | 4026 ||| ENCHANTING +3 sling.
  4193 | D:5      | 4193 ||| FLEEEEING.
  4194 | D:5      | 4194 ||| FLEEEEING.
  4195 | D:5      | 4195 ||| FLEEEEING.
  4196 | D:5      | 4196 ||| FLEEEEING.
  4199 | D:5      | 4199 ||| FLEEEEING.
  4200 | D:5      | 4200 ||| FLEEEEING.
  4201 | D:5      | 4201 ||| FLEEEEING.
  4202 | D:5      | 4202 ||| FLEEEEING.
  4203 | D:5      | 4203 ||| FLEEEEING.
  4204 | D:5      | 4204 ||| FLEEEEING.
  4205 | D:5      | 4205 ||| FLEEEEING.
  4206 | D:5      | 4206 ||| FLEEEEING.
  4207 | D:5      | 4207 ||| FLEEEEING.
  4208 | D:5      | 4208 ||| FLEEEEING.
  4209 | D:5      | 4209 ||| FLEEEEING.
  4210 | D:5      | 4210 ||| FLEEEEING.
  4211 | D:5      | 4211 ||| FLEEEEING.
  4212 | D:5      | 4212 ||| FLEEEEING.
  4213 | D:5      | 4213 ||| FLEEEEING.
  4214 | D:5      | 4214 ||| FLEEEEING.
  4215 | D:5      | 4215 ||| FLEEEEING.
  4221 | D:5      | Reached XP level 8. HP: 44/48 MP: 9/9
  4230 | D:5      | Reached skill level 8 in Ranged Weapons
  4322 | D:5      | HP: 11/48 [orc warrior/+0 mace (4)]
  4324 | D:5      | HP: 5/48 [something (4)]
  4324 | D:5      | Slain by an orc warrior

Levels and vault maps discovered:
D:1:      dpeg_arrival_rooms_with_view, layout_basic, serial_shops,
          nicolae_shop_bloodbath_and_beyond, shop
D:2:      layout_basic, serial_shops, nicolae_shop_crystal,
          hellmonk_ecumenical_altar_lost_god, uniq_jessica
D:3:      layout_basic, ebering_ghost_sewer_d, serial_shops,
          nicolae_lakefront_shop
D:4:      layout_gridville, mainiacjoe_overflow_cross_hatched,
          biasface_ghost_orc_armoury, fountainhead, amcnicky_mini_pool_small,
          serial_park_tiny_2, minmay_manual_mess
D:5:      layout_rooms, zin_academy

Skill      XL: |  1  2  3  4  5  6  7  8 |
---------------+-------------------------+-----
Ranged Weapons | 3 4 5 6 7 8 |  8.0
Fighting       | 2 4 |  4.0
Armour         | 1 2 |  2.0
Dodging        | |  1.5
Spellcasting   | |  1.0
Hexes          | |  2.6

Action                     |  1- 3 |  4- 6 |  7- 9 || total
---------------------------+-------+-------+-------++-------
   Fire: Sling             |   126 |   213 |   151 ||   490
    Use: Scroll            |     4 |     2 |     3 ||     9
         Potion            |     1 |     2 |       ||     3
 Armour: Robe              |    14 |       |       ||    14
         Ring mail         |    19 |    97 |    70 ||   186
  Dodge: Dodged            |    41 |    98 |    88 ||   227

Table legend:
 A = Non-vault XP
 B = Vault XP
 C = Vault XP percentage of total XP
 D = Non-vault monster count
 E = Vault monster count
 F = Vault count percentage of total count
                 A         B        C        D         E       F
            +---------+---------+-------+---------+---------+-------
      Total |    1200 |      86 |   6.7 |      84 |      10 |  10.6
            +---------+---------+-------+---------+---------+-------
        D:1 |      28 |       3 |   9.7 |      16 |       2 |  11.1
        D:2 |      83 |      37 |  30.8 |      17 |       1 |   5.6
        D:3 |     201 |       0 |   0.0 |      21 |       0 |   0.0
        D:4 |     338 |      46 |  12.0 |      15 |       7 |  31.8
        D:5 |     550 |       0 |   0.0 |      15 |       0 |   0.0
            +---------+---------+-------+---------+---------+-------
